 Seeded DCSS version 0.28-a0-1227-ga9037bb4c8 (webtiles) character file.

Game seed: 3735675696286094443 (custom seed)

385 flotson the Cudgeller (level 6, -3/47 HPs)
             Began as a Demonspawn Gladiator on Dec 23, 2021.
             Slain by a black bear (5 damage)
             ... on level 5 of the Dungeon.
             The game lasted 00:05:03 (4508 turns).

flotson the Cudgeller (Demonspawn Gladiator)        Turns: 4508, Time: 00:05:05

Health: -3/47      AC: 11    Str: 16    XL:     6   Next: 48%
Magic:  6/6        EV:  7    Int:  9    God:
Gold:   184        SH:  8    Dex: 15    Spells: 5/5 levels left

rFire   . . .      SeeInvis .   a - +0 flail
rCold   . . .      Faith    .   n - +0 kite shield
rNeg    + + .      Spirit   .   o - +0 pearl dragon scales
rPois   .          Reflect  .   (helmet restricted)
rElec   .          Harm     .   (no cloak)
rCorr   .          Rampage  .   (no gloves)
Will    .....                   (no boots)
Stlth   ..........              r - amulet of the acrobat
HPRegen 0.15/turn               x - ring of positive energy
MPRegen 0.20/turn               (no ring)

@: no status effects
A: antennae 1, magic regeneration, sharp scales 1
a: no special abilities


You were on level 5 of the Dungeon.
You visited 1 branch of the dungeon, and saw 5 of its levels.

You collected 184 gold pieces.

Inventory:

Hand Weapons
 a - a +0 flail (weapon)
Missiles
 d - 3 throwing nets
 s - 3 boomerangs
 t - 14 poisoned darts (quivered)
 w - 5 atropa-tipped darts
Armour
 h - a +2 leather armour of fire resistance
 n - a +0 kite shield (worn)
 o - +0 pearl dragon scales (worn)
Jewellery
 r - an amulet of the acrobat (around neck)
 x - a ring of positive energy (left hand)
Wands
 u - a wand of acid (11)
Scrolls
 e - 3 scrolls of blinking {unknown}
 f - 2 scrolls of magic mapping {unknown}
 g - 4 scrolls of identify {unknown}
 i - a scroll of silence {unknown}
 k - a scroll of immolation {unknown}
 l - 2 scrolls of enchant weapon {unknown}
 m - a scroll of fog {unknown}
 p - a scroll of teleportation {unknown}
 v - a scroll of fear {unknown}
Potions
 b - 2 potions of ambrosia {unknown}
 c - 3 potions of curing {unknown}
 j - a potion of degeneration {unknown}
 q - a potion of haste {unknown}


   Skills:
 + Level 3.5 Fighting
 + Level 3.9 Maces & Flails
 + Level 3.1 Throwing
 + Level 1.2 Armour
 + Level 3.9 Dodging
 + Level 1.2 Shields
 + Level 0.6 Evocations


You had 5 spell levels left.
You didn't know any spells.
Your spell library contained the following spells:

 Spells                   Type           Power      Damage    Failure   Level
 Confusing Touch          Hex            0%         N/A       100%        3
 Dazzling Flash           Conj/Hex       0%         N/A       100%        3
 Fulminant Prism          Conj/Hex       0%         3d6       100%        4
 Iskenderun's Mystic Bla  Conj/Tloc      0%         2d3       100%        4
 Summon Lightning Spire   Summ/Air       0%         N/A       100%        4
 Starburst                Conj/Fire      0%         6d3       100%        6
 Haunt                    Necr/Summ      0%         N/A       100%        7


Dungeon Overview and Level Annotations

Branches:
Dungeon (5/15)
 Temple: D:4-7

Altars:
Sif Muna

Shops:
D:3 [


Innate Abilities, Weirdness & Mutations

You have a pair of small antennae on your head.
You regenerate magic rapidly.
You are partially covered in razor-sharp scales. (AC +1, Slay +1)


Message History

You closely miss the black bear.
The black bear is almost dead.
You block the black bear's attack. The black bear barely misses you.
The black bear claws you but does no damage.
The black bear bites you but does no damage.
The black bear claws you but does no damage. x2
Unknown command.
You hit the black bear but do no damage.
The black bear is almost dead.
The black bear bites you.
The black bear claws you but does no damage.
You block the black bear's attack.
The black bear bites you but does no damage.
The black bear claws you but does no damage.
The black bear claws you. The black bear bites you!
* * * LOW HITPOINT WARNING * * *
The black bear barely misses you. The black bear claws you.
* * * LOW HITPOINT WARNING * * *
You are too injured to fight recklessly!
Unknown command.
You are too injured to fight recklessly!
You barely miss the black bear.
The black bear is almost dead.
The black bear barely misses you. You block the black bear's attack. x2
The black bear bites you but does no damage.
The black bear claws you but does no damage. x2
You hit the black bear but do no damage.
The black bear is almost dead.
You block the black bear's attack.
The black bear claws you but does no damage. x2
You block the black bear's attack.
The black bear claws you but does no damage. x2
You hit the black bear.
The black bear is almost dead.
The black bear bites you!
* * * LOW HITPOINT WARNING * * *
The black bear claws you but does no damage.
The black bear barely misses you. You block the black bear's attack. x2
The black bear claws you.
You die...

.# .# #.# ..#
#####..#
#########......#####
.......@h5..........
#########Z#....#####
#.<.........
#.#.#######.
#.......#
#.#..<#.#.#
...........#
##.........#
########..#


You could see a black bear (berserk), an ufetubus and a centaur skeleton.

Vanquished Creatures
  A necrophage (D:5)
  A phantom (D:4)
  A howler monkey (D:5)
  A howler monkey skeleton (D:4)
  6 adders
  An adder skeleton (D:4)
  2 worms
  5 dart slugs
  15 orcs
  7 endoplasms
  2 giant cockroaches
  7 goblins
  3 hobgoblins
  6 quokkas (D:1)
  9 ball pythons
  11 bats
  6 frilled lizards
  8 kobolds
  7 rats
99 creatures vanquished.

Notes
Turn   | Place    | Note
-------+----------+-------------------------------------------
     0 | D:1      | flotson the Demonspawn Gladiator began the quest for the
                  | Orb.
     0 | D:1      | Reached XP level 1. HP: 16/16 MP: 1/1
   121 | D:1      | Gained mutation: You regenerate magic rapidly. [demonic
                  | ancestry]
   121 | D:1      | Reached XP level 2. HP: 20/22 MP: 2/2
   805 | D:1      | Gained mutation: You are partially covered in razor-sharp
                  | scales. (AC +1, Slay +1) [demonic ancestry]
   805 | D:1      | Reached XP level 3. HP: 28/28 MP: 3/3
  1667 | D:2      | Reached XP level 4. HP: 34/34 MP: 4/4
  2602 | D:3      | Found Meozaqap's Armour Shoppe.
  2825 | D:3      | Gained mutation: You have a pair of small antennae on your
                  | head. [demonic ancestry]
  2825 | D:3      | Reached XP level 5. HP: 36/41 MP: 5/5
  3566 | D:3      | Found a shimmering blue altar of Sif Muna.
  3734 | D:4      | Noticed a phantom
  3748 | D:4      | Killed a phantom
  4009 | D:4      | Reached skill level 1 in Armour
  4010 | D:4      | Got the Volume of Creative Bewitchment
  4313 | D:5      | Entered Level 5 of the Dungeon
  4318 | D:5      | Noticed a necrophage
  4330 | D:5      | Killed a necrophage
  4331 | D:5      | Reached skill level 1 in Shields
  4331 | D:5      | Reached XP level 6. HP: 31/47 MP: 6/6
  4508 | D:5      | HP: 2/47 [black bear (8)]
  4508 | D:5      | Slain by a black bear

Illustrated notes

Levels and vault maps discovered:
D:1:      saegor_arrival_simple_b, layout_basic, minmay_misc_feat_rows,
          minmay_tetromino_t2
D:2:      layout_loops_ring, minmay_liquid_box
D:3:      layout_basic, lemuel_tele_altar, serial_shops, shop, wad_orctagon
D:4:      layout_loops_cross
D:5:      layout_basic, kennysheep_generic_room_14

Skill      XL: |  1  2  3  4  5 |
---------------+----------------+-----
Throwing       | 2 3 |  3.1
Maces & Flails | 3 |  3.9
Dodging        | 3 |  3.9
Fighting       | 3 |  3.5
Armour         | 1 |  1.2
Shields        | 1 |  1.2
Evocations     | |  0.6

Action                   |  1- 3 |  4- 6 || total
-------------------------+-------+-------++-------
Melee: Flail             |   113 |   199 ||   312
 Stab: Sleeping          |     3 |       ||     3
Armor: Leather armour    |    43 |    27 ||    70
       Pearl dragon scal |       |   107 ||   107
Dodge: Dodged            |    78 |   114 ||   192
Block: Kite shield       |       |    64 ||    64

Table legend: (Time is in decaauts)
 A = Elapsed time spent in this place.
 B = Non-inter-level travel time spent in this place.
 C = Inter-level travel time spent in this place.
 D = Time resting spent in this place.
 E = Time spent auto-exploring this place.
 F = Levels seen in this place.
 G = Mean time per level.
                   A        B        C        D        E       F      G
               +--------+--------+--------+--------+--------+-----+--------+
         Total |   4617 |   4525 |     92 |    108 |   3523 |   5 |  923.4 |
       Dungeon |   4617 |   4525 |     92 |    108 |   3523 |   5 |  923.4 |
               +--------+--------+--------+--------+--------+-----+--------+

Top non-repeatable levels by time:
     D:3: 1471 daAuts
     D:2: 1105 daAuts
     D:1: 1086 daAuts
     D:4: 741 daAuts
     D:5: 212 daAuts
